Map: Orbital Shipyard

Players

AcerNerchio (Nerchio) - Winner!

  • Race: Zerg Zerg

Apocalypse

  • Race: Terran Terran

Event: Gauntlet LotV Series 1 Qualifier 1

VOD

Have the link to the VOD?

Description

Time

  • Played on: Nov. 22, 2015, 9:21 p.m.
  • Length: 15:08

All games in this series

Show
View Real Time Build Order
Export as new Build Order

AcerNerchio Zerg - Winner!

Build Orders: Hatch First 

Get SALT Encoding   

  12  0:01  Drone  
  13  0:12  Overlord  
  13  0:17  Drone  
  14  0:30  Drone  
  14  0:31  Drone  
  14  0:34  Drone  
  17  0:52  Hatchery  
  17  0:55  Drone  
  17  0:58  Drone  
  18  1:12  Spawning Pool  
  18  1:14  Drone  
  18  1:18  Drone  
  19  1:26  Extractor  
  19  1:28  Drone  
  19  1:38  Overlord  
  19  1:58  Zergling x2  
  19  1:59  Queen  
  19  2:00  Zergling x2  
  23  2:03  Queen  
  23  2:04  Zergling x2  
  26  2:11  Drone  
  27  2:15  Drone  
  28  2:25  Drone  
  28  2:32  Drone  
  28  2:34  Queen  
  28  2:37  Drone x2  
  33  2:39  Metabolic Boost  
  33  2:44  Overlord  
  33  2:48  Drone  
  34  2:56  Drone  
  34  2:57  Drone  
  34  2:58  Roach Warren  
  35  3:04  Queen  
  35  3:15  Drone x5  
  40  3:21  Overlord, Zergling x2  
  40  3:26  Zergling x4  
  43  3:36  Overlord  
  43  3:37  Queen  
  43  3:41  Roach x2  
  43  3:42  Roach  
  43  3:49  Roach  
  43  3:50  Queen  
  45  4:01  Zergling x6  
  48  4:08  Overlord  
  48  4:11  Zergling x4  
  48  4:12  Zergling x2  
  51  4:20  Drone  
  51  4:21  Drone  
  51  4:22  Extractor  
  51  4:24  Extractor  
  51  4:28  Drone x2  
  53  4:36  Drone  
  54  4:40  Drone  
  53  4:47  Drone  
  53  4:52  Drone  
  54  4:57  Evolution Chamber, Hatchery  
  54  4:58  Evolution Chamber, Drone, Extractor  
  51  5:00  Drone  
  51  5:01  Drone x3  
  55  5:07  Overlord  
  55  5:09  Drone x3  
  58  5:14  Overlord  
  58  5:20  Roach  
  60  5:30  Zerg Ground Armor Level 1, Zerg Melee Weapons Level 1  
  60  5:31  Roach x3  
  64  5:43  Ravager  
  64  5:44  Drone x7, Ravager  
  70  5:57  Drone x2  
  70  5:58  Drone x2  
  70  5:59  Lair  
  70  6:00  Drone  
  75  6:06  Queen  
  75  6:07  Overlord  
  77  6:11  Drone x2  
  77  6:17  Overlord  
  77  6:18  Drone x3  
  80  6:20  Drone  
  80  6:21  Drone  
  84  6:31  Queen  
  84  6:32  Drone x4  
  90  6:33  Drone, Extractor x2  
  90  6:36  Drone  
  90  6:42  Overlord  
  90  6:46  Drone x2  
  90  6:47  Drone x3  
  95  6:58  Zergling x6  
  95  7:00  Hatchery  
  97  7:03  Overlord  
  97  7:07  Glial Reconstitution  
  97  7:10  Infestation Pit, Zergling x10  
  101  7:17  Zergling x8  
  101  7:22  Overlord  
  105  7:27  Zerg Ground Armor Level 2  
  105  7:28  Zerg Melee Weapons Level 2  
  105  7:31  Ravager x4  
  105  7:32  Ravager x2  
  105  7:35  Zergling x8  
  115  7:37  Overlord x3  
  115  7:39  Overlord  
  115  7:44  Zergling x8  
  115  7:45  Zergling x2  
  115  7:49  Hive  
  120  7:56  Zergling x2  
  120  7:57  Zergling x8  
  120  7:58  Hatchery, Zergling x2  
  121  8:03  Zergling x2  
  120  8:06  Zergling x2  
  120  8:09  Zergling x2  
  120  8:11  Zergling x2  
  120  8:12  Zergling x4  
  122  8:13  Zergling x6  
  122  8:24  Drone x3  
  125  8:31  Pathogen Glands  
  125  8:34  Drone x3  
  127  8:35  Spore Crawler  
  127  8:36  Spore Crawler  
  127  8:40  Drone x2  
  128  8:43  Overlord  
  128  8:44  Overlord x5  
  128  8:47  Extractor  
  127  8:50  Extractor  
  126  8:56  Infestor x3  
  126  8:57  Spore Crawler  
  126  8:59  Roach  
  126  9:00  Roach x3  
  138  9:06  Roach  
  138  9:08  Roach  
  142  9:13  Roach  
  142  9:15  Roach  
  142  9:16  Roach  
  138  9:18  Roach x3  
  138  9:24  Adrenal Glands  
  139  9:25  Ultralisk Cavern  
  138  9:31  Zergling x4  
  138  9:32  Zergling x18  
  149  9:41  Zergling x4  
  149  9:43  Zergling x2  
  151  9:48  Zergling x2  
  151  9:52  Zerg Melee Weapons Level 3  
  144  10:10  Zerg Ground Armor Level 3  
  144  10:12  Chitinous Plating  
  144  10:14  Ultralisk x2  
  144  10:18  Hatchery  
  144  10:20  Ultralisk  
  161  10:24  Zergling x6  
  161  10:25  Zergling x2  
  158  10:38  Ultralisk x2  
  167  10:45  Zergling x10  
  167  10:46  Zergling x2  
  167  10:48  Infestor  
  173  10:50  Infestor  
  175  11:03  Zergling x22  
  186  11:07  Queen  
  184  11:22  Overlord x2  
  184  11:27  Pneumatized Carapace  
  184  11:29  Overlord  
  184  11:34  Spore Crawler, Spire  
  184  11:36  Overlord x2  
  184  11:38  Hatchery  
  137  11:57  Zergling x20  
  137  11:58  Zergling x16  
  144  12:06  Ultralisk  
  125  12:12  Zergling x2  
  125  12:13  Zergling x10  
  125  12:14  Zergling x2  
  122  12:22  Infestor  
  122  12:23  Infestor x2  
  122  12:28  Infestor  
  128  12:35  Infestor  
  128  12:36  Infestor x3  
  122  12:46  Ultralisk  
  125  12:54  Ultralisk  
  130  13:05  Drone x8  
  123  13:12  Ultralisk  
  128  13:20  Ultralisk  
  134  13:36  Drone x2  
  134  13:37  Drone x5  
  141  13:47  Hatchery  
  140  13:49  Zergling x8  
  140  13:50  Zergling x12  
  140  14:05  Zergling x26  
  150  14:11  Zergling x4  
  140  14:22  Ultralisk x2  
  143  14:25  Zergling x6  
  143  14:26  Zergling x6  
  140  14:34  Corruptor x3  
  139  14:44  Zergling x2  
  139  14:45  Zergling x14  
Show
View Real Time Build Order
Export as new Build Order

Apocalypse Terran 

Build Orders: MMM Bio 

Get SALT Encoding   

  12  0:01  SCV  
  13  0:13  SCV  
  14  0:17  Supply Depot  
  14  0:29  SCV  
  15  0:40  Barracks  
  15  0:42  Refinery  
  15  0:52  Barracks  
  15  0:57  SCV  
  16  1:09  SCV  
  17  1:14  Refinery  
  17  1:27  Orbital Command  
  17  1:28  Reaper  
  18  1:41  Barracks  
  18  1:45  Reaper  
  19  1:54  Supply Depot  
  20  2:01  Reaper  
  20  2:03  SCV  
  21  2:17  Reaper  
  21  2:18  SCV  
  23  2:30  SCV  
  23  2:32  Reaper  
  23  2:33  Reaper  
  26  2:41  Supply Depot  
  26  2:43  SCV  
  27  2:49  Reaper  
  28  2:55  SCV  
  29  3:04  Reaper  
  30  3:07  Reaper  
  30  3:14  Command Center  
  30  3:16  SCV  
  31  3:24  Reaper  
  32  3:28  SCV  
  33  3:36  Reaper  
  33  3:39  Reaper  
  33  3:49  SCV  
  34  3:56  Reaper  
  35  4:07  SCV  
  35  4:08  Reaper  
  37  4:11  Factory  
  37  4:16  Command Center, Barracks Tech Lab  
  37  4:19  SCV  
  35  4:31  SCV  
  35  4:32  Orbital Command  
  35  4:34  Marine x2  
  38  4:40  Marine  
  38  4:44  SCV  
  38  4:45  Stimpack, Bunker  
  39  4:55  Marine x2  
  39  4:56  SCV  
  39  4:59  Factory Tech Lab  
  42  5:05  Starport  
  42  5:08  Marine  
  42  5:12  SCV x2  
  42  5:13  Marine  
  46  5:15  Marine  
  46  5:20  Siege Tank  
  50  5:24  SCV  
  51  5:30  SCV  
  51  5:32  Orbital Command  
  51  5:33  Marauder  
  54  5:40  Barracks Reactor  
  54  5:42  Starport Reactor  
  54  5:43  SCV x2  
  54  5:45  Refinery  
  54  5:46  Refinery  
  50  5:50  Orbital Command  
  56  5:55  SCV x2  
  57  6:03  Barracks Reactor  
  57  6:05  Engineering Bay  
  57  6:06  Engineering Bay, Marauder  
  57  6:07  SCV x2  
  61  6:15  Supply Depot  
  61  6:16  SCV  
  62  6:19  SCV x2, Siege Tank  
  67  6:27  Supply Depot  
  67  6:28  SCV  
  67  6:30  Supply Depot  
  67  6:31  SCV  
  67  6:32  Terran Infantry Weapons Level 1, Terran Infantry Armor Level 1  
  69  6:36  SCV  
  69  6:39  Medivac  
  72  6:40  SCV, Marine x2  
  72  6:43  SCV  
  76  6:48  Marine  
  76  6:49  Marauder, Marine  
  76  6:50  SCV  
  76  6:52  Combat Shields, SCV  
  82  6:55  SCV  
  83  7:03  Supply Depot  
  83  7:05  SCV x2, Supply Depot  
  83  7:07  SCV, Medivac  
  87  7:09  Marine x2  
  87  7:11  Marauder  
  91  7:17  SCV  
  91  7:18  SCV, Refinery x2  
  93  7:24  Marine  
  93  7:26  Barracks  
  93  7:28  Barracks  
  93  7:29  Marine x2  
  96  7:30  SCV  
  96  7:34  SCV x2  
  99  7:37  Supply Depot  
  99  7:38  Supply Depot  
  99  7:40  Medivac  
  99  7:41  Armory, Medivac  
  103  7:46  Marine x2  
  103  7:47  Marine, Marauder  
  108  7:52  SCV  
  101  8:01  Marine  
  101  8:04  Marine x2  
  102  8:07  Supply Depot  
  102  8:08  Marine, Marauder  
  103  8:18  Barracks Tech Lab  
  103  8:19  Marine  
  105  8:22  Marine x2  
  105  8:25  SCV  
  105  8:26  Marine  
  108  8:30  Terran Infantry Armor Level 2, Terran Infantry Weapons Level 2, Marauder  
  108  8:31  Barracks  
  108  8:32  Barracks x2  
  110  8:36  SCV  
  110  8:39  Medivac x2  
  110  8:40  Marine x2  
  117  8:41  Concussive Shells  
  117  8:48  Supply Depot  
  117  8:49  Supply Depot  
  117  8:50  Marine x2  
  117  8:51  Marauder x2  
  117  8:54  Marine  
  124  8:57  SCV  
  124  8:58  SCV  
  126  9:09  Medivac x2  
  129  9:12  Marauder x2  
  129  9:21  Barracks Reactor, Marine x2  
  129  9:22  Barracks Reactor x2  
  129  9:23  Marine x2  
  128  9:25  Marine  
  128  9:31  Command Center  
  129  9:33  Marine  
  129  9:34  Marauder  
  132  9:38  Marine x2  
  132  9:41  Marine x2  
  132  9:42  Medivac x2  
  132  9:43  Marine  
  132  9:45  Terran Ship Weapons Level 1  
  141  9:50  Starport  
  141  9:51  Marine  
  132  9:55  Marauder  
  132  9:56  Marine x2  
  132  9:57  Marine x3  
  132  9:58  Marine x4  
  141  10:01  Marauder  
  141  10:04  Marine  
  144  10:09  Supply Depot x2, Marauder  
  144  10:10  Supply Depot  
  144  10:13  Liberator  
  144  10:14  Marine x2, Liberator  
  146  10:15  Marine  
  149  10:30  Marine x3  
  149  10:31  Marine, Marauder  
  149  10:32  Command Center  
  145  10:39  Marine  
  149  10:48  Marine x2  
  149  10:49  Marauder, Marine  
  154  10:54  Command Center, Starport Reactor  
  154  10:56  Liberator x2  
  154  10:57  Marauder, Marine x2  
  153  11:10  Marine  
  153  11:11  Marauder x2, Marine x3  
  151  11:15  Marine x2  
  151  11:18  Terran Infantry Weapons Level 3  
  160  11:19  Marauder  
  160  11:21  Terran Infantry Armor Level 3  
  162  11:30  Planetary Fortress  
  162  11:36  Marine  
  162  11:37  Marine  
  162  11:39  Liberator  
  164  11:40  Terran Ship Weapons Level 2  
  164  11:46  Liberator  
  164  11:48  Marine  
  147  11:57  Marine  
  147  11:58  Marine  
  147  12:00  Liberator x2  
  111  12:06  Orbital Command  
  101  12:08  Marine  
  101  12:09  Marauder, Marine  
  101  12:13  Marine  
  89  12:15  Marine  
  89  12:16  Marauder x2, Marine x4  
  89  12:21  Liberator, Orbital Command  
  94  12:23  Marine x2  
  94  12:26  Marine  
  93  12:31  Marauder  
  93  12:33  Marine x2  
  93  12:36  Marine x2  
  99  12:38  Marauder  
  99  12:42  Marine  
  104  12:46  Marine  
  100  12:55  Marine x3  
  100  12:56  Marauder  
  94  13:05  Marine x2  
  94  13:06  Marauder  
  94  13:08  Liberator  
  94  13:09  Liberator  
  94  13:11  Marine x2  
  94  13:12  Marine, Marauder  
  103  13:24  Marine x2  
  111  13:28  Marine  
  111  13:29  Marauder, Marine  
  111  13:30  Marine x3  
  111  13:31  Marauder  
  111  13:33  Marine  
  120  13:39  Marine x2  
  120  13:40  Marauder  
  123  13:42  Marine x2  
  123  13:45  Liberator  
  123  13:46  Marine x2  
  123  13:48  Marine  
  127  13:51  Liberator  
  128  13:56  Liberator  
  123  14:02  Marine  
  123  14:06  Marine  
  113  14:12  Marine  
  107  14:18  Orbital Command  
  102  14:29  Marine  
  102  14:30  Marine  
  96  14:31  Marine x3  
  96  14:32  Marauder  
  96  14:33  Marine  
  96  14:36  Marine x2  
  93  14:40  Orbital Command  
  93  14:47  Marine x2  
  93  14:48  Marine x2  
  93  14:50  Marine  
Tags
 
Add a new tag
Caveats
  • Supply blocks, unpowered buildings, or Contaminate may cause inaccurate times.
  • Supply counts are checked every 10 seconds.